 Dungeon Crawl Stone Soup version 0.32-a0-975-g85d4e5bfdb (webtiles) character file.

Game seed: 5215640953549413927

2753 araganzar the Trooper (level 9, -6/108 HPs)
             Began as a Demonspawn Reaver on Apr 18, 2024.
             Mangled by a two-headed ogre
             ... wielding a +0 giant club
              (10 damage)
             ... on level 6 of the Dungeon.
             The game lasted 00:22:01 (5942 turns).

araganzar the Trooper (Demonspawn Reaver)           Turns: 5942, Time: 00:22:02

Health: -6/108     AC: 14    Str: 19    XL:     9   Next: 41%
Magic:  12/12      EV: 10    Int: 14    God:
Gold:   174        SH:  5    Dex: 12    Spells: 11/12 levels left

rFire   . . .        q - +5 dire flail (heavy)
rCold   . . .        (shield currently unavailable)
rNeg    . . .        o - +1 ring mail "Asayts" {rCorr Str+3}
rPois   .            (helmet restricted)
rElec   .            y - scarf {repulsion}
rCorr   +            h - +1 pair of gloves
SInv    .            (no boots)
Will    .....        v - amulet of reflection
Stlth   x              - +4 ring of protection
HPRegen 0.38/turn    (no ring)
MPRegen 0.13/turn

%: repel missiles, reflection
@: berserking, very quick
A: horns 2, thin metallic scales 1, demonic guardian 2
a: no special abilities


You were on level 6 of the Dungeon.
You visited 1 branch of the dungeon, and saw 7 of its levels.

You collected 396 gold pieces.
You spent 222 gold pieces at shops.


Innate Abilities, Weirdness & Mutations

You have a pair of horns on your head.
You are partially covered in thin metallic scales. (AC +2)
A demonic guardian rushes to your aid.


   Skills:
 + Level 7.6 Fighting
 - Level 7.5(8.6) Axes
 - Level 6.2(8.0) Polearms
 - Level 2.0 Armour
 - Level 2.0 Dodging
 - Level 2.0 Spellcasting
 - Level 3.0 Conjurations


You had 11 spell levels left.
You knew the following spells:

 Your Spells              Type           Power      Damage    Failure   Level
a - Kiss of Death         Conj/Necr      20%        2d7       22%         1

Your spell library contained the following spells:

 Spells                   Type           Power      Damage    Failure   Level
 Momentum Strike          Conj/Tloc      10%        3d8       32%         2
 Hailstorm                Conj/Ice       5%         3d5       54%         3
 Sigil of Binding         Hex            1%         N/A       77%         3
 Anguish                  Hex/Necr       0%         N/A       99%         4
 Cause Fear               Hex            0%         N/A       99%         4
 Enfeeble                 Hex            0%         N/A       100%        7

Inventory:

Hand Weapons
 b - a +0 sling
   (You took it off a goblin on level 2 of the Dungeon)
 q - a +5 heavy dire flail (weapon)
   (You took it off Edmund on level 5 of the Dungeon)
 s - a +2 broad axe
   (You found it on level 3 of the Dungeon)
 C - a +0 whip of electrocution
   (You took it off a gnoll on level 6 of the Dungeon)
Missiles
 f - 13 boomerangs (quivered)
 i - 3 poisoned darts
 z - 2 throwing nets {=f, !d}
Armour
 h - a +1 pair of gloves (worn)
   (You found it on level 1 of the Dungeon)
 o - the +1 ring mail "Asayts" (worn) {rCorr Str+3}
   (You found it on level 6 of the Dungeon)

   Str+3:     It affects your strength (+3).
   rCorr:     It protects you from acid and corrosion.
 p - a +0 cloak
   (You found it on level 4 of the Dungeon)
 y - a scarf of repulsion (worn)
   (You found it on level 4 of the Dungeon)
Magical Staves
 g - a staff of death {rN+}
   (You found it on level 1 of the Dungeon)
Jewellery
 u - a ring of ice {rC+, rF-}
   (You found it on level 3 of the Dungeon)
 v - an amulet of reflection (around neck)
   (You found it on level 3 of the Dungeon)
 x - a +4 ring of protection (left hand)
   (You found it on level 3 of the Dungeon)
Wands
 l - a wand of quicksilver (8)
   (You found it on level 5 of the Dungeon)
 A - a wand of charming (9)
   (You found it on level 5 of the Dungeon)
Scrolls
 d - 2 scrolls of enchant armour
 j - a scroll of silence
 w - a scroll of amnesia
 B - 2 scrolls of fog
 D - a scroll of poison {!r}
 E - a scroll of teleportation
 F - a scroll of vulnerability {!r!r}
Potions
 a - 2 potions of brilliance
 c - 4 potions of heal wounds
 e - a potion of ambrosia
 k - a potion of mutation {!q}
 m - a potion of curing
 n - 2 potions of resistance
 r - a potion of berserk rage {!q}
 t - 2 potions of might

.....▒ß......,,,ß▒....#.......###
..#..▒....⌠.⌠..,,▒...###....### #
..#..▒..>.....>,,▒#.####....# #
###..▒....⌠.⌠..,,*#.# #.....#####
#..▒ß........,ß▒#.###.....##..#
###..▒▒▒▒▒▒▒▒▒▒▒▒▒...............
.............#..4...#.#####.....#
.....>.......#......#............
.#.....##....##O@##.#######.###.#
..........>.........## ##......
##................##.### #.......
#.....................###..#.#..
#.......................#÷...#..
#.....#.#.#.........#........#..
##.....................#.........
.........#....##.##..#.#)..#.....
##...#.#####.....................


You could see a two-headed ogre (ally target) and a friendly hellwing
(summoned).


Message History

MASSIVE DAMAGE!!
Unknown command.
Unknown command.
Okay, then.
Okay, then.
You feel much better.
The two-headed ogre hits you with a +0 giant club!!
The two-headed ogre closely misses you.
You regained 5 hp, and now have 38/72 hp.
Unknown command.
A red film seems to cover your vision as you go berserk!
You feel yourself moving faster!
You feel mighty! The two-headed ogre closely misses you.
The two-headed ogre barely misses you.
You now have 63/108 hp.
Unknown command.
You impale the two-headed ogre!!
Your headbutt misses the two-headed ogre.
You puncture the two-headed ogre! You headbutt the two-headed ogre.
The two-headed ogre hits you with a +0 giant club!!
The two-headed ogre hits you with a +0 giant spiked club!!
* * * LOW HITPOINT WARNING * * *
A demonic guardian appears!
You take 45 damage, and have 18/108 hp.
MASSIVE DAMAGE!!
Unknown command.
You barely miss the two-headed ogre.
The two-headed ogre hits you with a +0 giant club!
* * * LOW HITPOINT WARNING * * *
The two-headed ogre hits you with a +0 giant spiked club!
You die...

Action                     |  1- 3 |  4- 6 |  7- 9 || total
---------------------------+-------+-------+-------++-------
  Melee: Hand axe          |   123 |       |       ||   123
         Headbutt          |    12 |    32 |    13 ||    57
         Broad axe         |     8 |   175 |     8 ||   191
         Dire flail        |       |       |   106 ||   106
         Whip              |       |       |    11 ||    11
   Fire: Sling             |     2 |       |       ||     2
  Throw: Dart              |       |    10 |     4 ||    14
         Boomerang         |       |     4 |    11 ||    15
  Evoke: Wand              |       |     3 |     3 ||     6
    Use: Scroll            |       |    20 |     2 ||    22
         Potion            |       |     2 |     2 ||     4
 Armour: Leather armour    |    96 |    27 |       ||   123
         Ring mail         |       |   111 |   112 ||   223
  Dodge: Dodged            |    91 |    89 |    73 ||   253
         Repelled          |       |     1 |     4 ||     5
  Block: Other             |       |    38 |    21 ||    59
         Reflection        |       |     2 |     1 ||     3

Levels and vault maps discovered:
D:1:      lemuel_arrival_behind_the_door_small, layout_rooms, st_stairs_14,
          dreamdust_wishing_well
D:2:      layout_loops_cross, uniq_sigmund
D:3:      layout_loops_corners, serial_shops, nicolae_lakefront_shop,
          minmay_misc_feat_columns, st_stairs_5, minmay_misc_feat_cross,
          minmay_misc_feat_doors, supply_closet_lemuel,
          minmay_randomly_rotated_circles
D:4:      kennysheep_goblin_castle, layout_cave_pools,
          amcnicky_mini_corridor_feature, hangedman_decor_riveting
D:5:      layout_loops_ring, uniq_blork_the_orc, uniq_edmund
D:6:      layout_basic, minmay_temple_entry_from_below_b
D:7:      layout_rooms, serial_shops, kennysheep_little_box, minivault_19,
          nrook_uturn, dilly_guarded_unrand_devastator, uniq_prince_ribbit1,
          uniq_pikel

Notes
Turn   | Place    | Note
-------+----------+-------------------------------------------
     0 | D:1      | araganzar the Demonspawn Reaver began the quest for the
                  | Orb.
     0 | D:1      | Reached XP level 1. HP: 16/16 MP: 3/3
    71 | D:1      | Reached skill level 3 in Axes
    78 | D:1      | Gained mutation: A weak demonic guardian rushes to your
                  | aid. [demonic ancestry]
    78 | D:1      | Reached XP level 2. HP: 17/22 MP: 5/5
   388 | D:1      | Gained mutation: You have a pair of small horns on your
                  | head. [demonic ancestry]
   388 | D:1      | Reached XP level 3. HP: 20/27 MP: 6/6
   705 | D:2      | Reached skill level 4 in Axes
  1167 | D:2      | Noticed Sigmund
  1264 | D:3      | Found Laufeahaown's Weapon Emporium.
  1749 | D:3      | Gained mutation: You are partially covered in thin metallic
                  | scales. (AC +2) [demonic ancestry]
  1749 | D:3      | Reached XP level 4. HP: 33/33 MP: 7/7
  2200 | D:3      | Reached skill level 5 in Axes
  2472 | D:4      | Reached XP level 5. HP: 12/38 MP: 8/8
  2652 | D:5      | Entered Level 5 of the Dungeon
  2915 | D:6      | Reached skill level 6 in Axes
  2918 | D:6      | Identified the +1 ring mail "Asayts" {rCorr Str+3}
  3203 | D:4      | Gained mutation: A demonic guardian rushes to your aid.
                  | [demonic ancestry]
  3203 | D:4      | Reached XP level 6. HP: 40/44 MP: 9/9
  3469 | D:4      | Noticed Ijyb
  3493 | D:4      | Killed Ijyb
  3847 | D:5      | Noticed Blork the orc
  3865 | D:5      | Killed Blork the orc
  3866 | D:5      | Reached skill level 3 in Fighting
  3893 | D:5      | Reached XP level 7. HP: 50/53 MP: 10/10
  3928 | D:5      | Noticed Edmund
  3938 | D:5      | Reached skill level 4 in Fighting
  3938 | D:5      | Reached skill level 7 in Axes
  3938 | D:5      | Killed Edmund
  4055 | D:5      | Reached skill level 1 in Polearms
  4147 | D:5      | Reached skill level 2 in Polearms
  4394 | D:6      | Reached skill level 3 in Polearms
  4428 | D:6      | Reached XP level 8. HP: 60/60 MP: 11/11
  4504 | D:6      | Reached skill level 2 in Dodging
  4531 | D:6      | Reached skill level 1 in Armour
  4712 | D:6      | Reached skill level 4 in Polearms
  4721 | D:6      | Reached skill level 5 in Fighting
  4895 | D:6      | Found a staircase to the Ecumenical Temple.
  5109 | D:6      | Reached skill level 2 in Armour
  5303 | D:7      | Noticed Pikel
  5322 | D:7      | Reached skill level 6 in Fighting
  5322 | D:7      | Reached skill level 5 in Polearms
  5322 | D:7      | Killed Pikel
  5323 | D:7      | Gained mutation: You have a pair of horns on your head.
                  | [demonic ancestry]
  5323 | D:7      | Reached XP level 9. HP: 53/71 MP: 12/12
  5474 | D:7      | Reached skill level 6 in Polearms
  5493 | D:7      | Reached skill level 7 in Fighting
  5745 | D:7      | Found Yffoevo's Magic Scroll Shoppe.
  5750 | D:7      | Bought a scroll of poison for 48 gold pieces
  5750 | D:7      | Bought a scroll of teleportation for 36 gold pieces
  5750 | D:7      | Bought a scroll of vulnerability for 48 gold pieces
  5750 | D:7      | Bought a scroll of enchant weapon for 90 gold pieces
  5851 | D:7      | Found the +6 shillelagh "Devastator" {shatter}
  5853 | D:7      | Noticed a gargoyle
  5866 | D:7      | Noticed a two-headed ogre
  5942 | D:6      | HP: 4/108 [two-headed ogre/+0 giant club (14)]
  5942 | D:6      | Mangled by a two-headed ogre

Vanquished Creatures
  Pikel (D:7)
  Edmund (D:5)
  An orc warrior (D:7)
  3 sky beasts
  3 ice beasts
  An ogre (D:7)
  A centaur (D:6)
  A phantom (D:5)
  Blork the orc (D:5)
  3 bullfrogs
  2 scorpions (D:5)
  2 bombardier beetles (D:6)
  A jelly (D:4)
  5 gnoll boudas
  4 hounds
  An orc priest (D:3)
  A sleepcap (D:5)
  Ijyb (D:4)
  3 iguanas
  2 orc wizards (D:6)
  18 gnolls
  An adder (D:5)
  A white imp (D:6)
  2 ufetubi (D:5)
  3 dart slugs
  3 ribbon worms
  9 orcs
  6 bats
  7 endoplasms
  3 giant cockroaches
  17 goblins
  6 hobgoblins
  4 jackals
  7 quokkas
  6 ball pythons
  3 frilled lizards
  8 kobolds
  5 rats
147 creatures vanquished.

Vanquished Creatures (collateral kills)
  A ribbon worm (D:3)
  2 orcs (D:3)
  An endoplasm (D:3)
  A goblin (D:1)
  2 hobgoblins
  A jackal (D:1)
  A ball python (D:1)
  A bat (D:1)
10 creatures vanquished.

Grand Total: 157 creatures vanquished
